 Dungeon Crawl Stone Soup version 0.23-a0-333-g006994f (webtiles) character file.

46 Ijustatesigmund the Magician (level 3, -1/23 HPs)
             Began as an Octopode Wizard on Oct 17, 2018.
             Slain by Natasha (4 damage)
             ... on level 2 of the Dungeon.
             The game lasted 00:04:13 (1751 turns).

Ijustatesigmund the Magician (Octopode Wizard)      Turns: 1751, Time: 00:04:14

Health: -1/23      AC:  1    Str:  6    XL:     3   Next: 68%
Magic:  0/7        EV: 13    Int: 22    God:
Gold:   78         SH:  0    Dex: 11    Spells: 5/8 levels left

rFire    . . .     SeeInvis .   d - +1 mace
rCold    . . .     Gourm    .   (no shield)
rNeg     . . .     Faith    .   a - +0 hat
rPois    .         Spirit   .   (no amulet)
rElec    .         Reflect  .   (no ring)
rCorr    .         Harm     .   (no ring)
MR       .....                  (no ring)
Stlth    +++.......             (no ring)
HPRegen  0.07/turn              (no ring)
MPRegen  0.10/turn              (no ring)
                                (no ring)
                                (no ring)

@: very slightly contaminated, hasted, very quick
A: almost no armour, stealthy swim, amphibious, 8 rings, constrict 8, camouflage
1, clever 1, robust 1, gelatinous body 1, evolution 1
a: no special abilities


You were on level 2 of the Dungeon.
You were not hungry.

You visited 1 branch of the dungeon, and saw 2 of its levels.

You collected 78 gold pieces.

Inventory:

Hand Weapons
 d - a +1 mace (weapon)
Missiles
 b - a throwing net (quivered)
Armour
 a - a +0 hat (worn)
Jewellery
 e - an uncursed ring of poison resistance {unknown}
Scrolls
 h - 3 scrolls of fog
 i - a scroll of noise {unknown}
Potions
 g - a potion of agility {unknown}
Comestibles
 c - 5 rations
 j - a chunk of flesh


   Skills:
 - Level 2.2 Dodging
 - Level 3.0 Stealth
 - Level 3.3 Spellcasting
 + Level 1.9 Conjurations
   Level 1.0 Summonings
 + Level 1.8 Translocations


You had 5 spell levels left.
You knew the following spells:

 Your Spells              Type           Power        Failure   Level  Hunger
a - Magic Dart            Conj           ##..         5%          1    None
b - Blink                 Tloc           N/A          9%          2    ##.....

Your spell library contained the following spells:

 Spells                   Type           Power        Failure   Level  Hunger
 Call Imp                 Summ           #.......     12%         2    ##.....
 Slow                     Hex            #.......     19%         2    ##.....
 Conjure Flame            Conj/Fire      #.......     24%         3    ###....
 Mephitic Cloud           Conj/Pois/Air  #.......     26%         3    ###....


Dungeon Overview and Level Annotations

Branches:
Dungeon (2/15)

Altars:
Gozag
Okawaru

Annotations:
D:2 Natasha


Innate Abilities, Weirdness & Mutations

You cannot wear most types of armour.
You are very stealthy in the water. (Stealth+)
You are amphibious.
You can wear up to eight rings at the same time.
You can use your tentacles to constrict eight enemies at once.
Your skin changes colour to match your surroundings (Stealth+).
Your rubbery body absorbs attacks. (AC +1, EV +1)
Your mind is acute. (Int +2)
You are robust. (+10% HP)
You evolve.


Message History

Confirm with . or Enter, or press ? or * to list all spells.
Aiming: Magic Dart (safe; 5% risk of failure)
Press: ? - help, Shift-Dir - straight line, f/p - Natasha
Aim: Natasha (heavily wounded)
The magic dart hits Natasha.
Natasha is severely wounded.
Natasha howls an incantation.
You feel troubled. Natasha claws you!
Casting: Magic Dart (safe; 5% risk of failure)
Confirm with . or Enter, or press ? or * to list all spells.
Aiming: Magic Dart (safe; 5% risk of failure)
Press: ? - help, Shift-Dir - straight line, f/p - Natasha
Aim: Natasha (severely wounded)
The magic dart hits Natasha.
Natasha is almost dead.
Natasha claws you!
* * * LOW HITPOINT WARNING * * *
It was a potion of haste.
You feel yourself speed up. Natasha claws you.
You die...

#.....# ##...## #.#
##.### #.## ##
##...## #.. ..
#.....## ##.##.#
.......#######...#.##
.>..................+
.......##.####..h...#
#.....###.# #...@...#
##...## #.# #.###...#
##.### #.# #.# .###
##.# #.###<###.# ##.#
#.........#
#####.##### #.###
#.##.# #.# #.#


You could see Natasha.

Vanquished Creatures
  An adder (D:2)
  An ooze (D:2)
  A worm (D:2)
  3 dart slugs (D:1)
  A giant cockroach (D:1)
  4 goblins
  6 hobgoblins (D:1)
  3 bats
  2 frilled lizards
  3 rats
25 creatures vanquished.

Notes
Turn   | Place    | Note
-------+----------+-------------------------------------------
     0 | D:1      | Ijustatesigmund the Octopode Wizard began the quest for the
                  | Orb.
     0 | D:1      | Reached XP level 1. HP: 11/11 MP: 4/4
   102 | D:1      | Reached XP level 2. HP: 17/17 MP: 1/6
   618 | D:1      | Gained mutation: You are robust. (+10% HP) [potion of
                  | mutation]
   618 | D:1      | Gained mutation: Scrolls take you a little longer to read.
                  | [potion of mutation]
   618 | D:1      | Gained mutation: You are resistant to hostile enchantments.
                  | (MR+) [potion of mutation]
   619 | D:1      | Lost mutation: Scrolls take you a little longer to read.
                  | [potion of mutation]
   619 | D:1      | Lost mutation: You are resistant to hostile enchantments.
                  | (MR+) [potion of mutation]
   619 | D:1      | Gained mutation: Your mind is acute. (Int +2) [potion of
                  | mutation]
   619 | D:1      | Gained mutation: You evolve. [potion of mutation]
   657 | D:1      | Learned a level 2 spell: Blink
   818 | D:1      | Reached XP level 3. HP: 23/23 MP: 5/7
  1203 | D:2      | Found an opulent altar of Gozag.
  1243 | D:2      | Found an iron altar of Okawaru.
  1743 | D:2      | Noticed Natasha
  1751 | D:2      | Slain by Natasha

Vault maps used:
D:1:      minmay_arrival_up_and_down
D:2:      okawaru_metal_pillars_3, overflow_temple_1_default, uniq_natasha

Skill      XL: |  1  2 |
---------------+-------+-----
Stealth        | 3 |  3.0
Dodging        | |  2.2
Spellcasting   | |  3.3
Conjurations   | |  1.9
Summonings     | |  1.0
Translocations | |  1.8

Action                   || total
-------------------------++-------
Melee: Unarmed           ||    10
       Constrict         ||     6
       Tentacles         ||     4
       Mace              ||     9
 Cast: Magic Dart        ||    55
  Use: Scroll            ||     7
       Potion            ||     3
 Stab: Sleeping          ||     2
  Eat: Chunk             ||     2
Armor: Skin              ||     2
Dodge: Dodged            ||    16

Table legend:
 A = Non-vault XP
 B = Vault XP
 C = Vault XP percentage of total XP
 D = Non-vault monster count
 E = Vault monster count
 F = Vault count percentage of total count
                 A         B        C        D         E       F
            +---------+---------+-------+---------+---------+-------
      Total |      67 |       0 |   0.0 |      25 |       0 |   0.0
            +---------+---------+-------+---------+---------+-------
        D:1 |      37 |       0 |   0.0 |      18 |       0 |   0.0
        D:2 |      30 |       0 |   0.0 |       7 |       0 |   0.0
            +---------+---------+-------+---------+---------+-------
